 Dungeon Crawl Stone Soup version 0.17-a0-910-ga669010 (webtiles) character file.

98 xeno23 the Ogre Mage (level 4, -1/46 HPs)
             Began as an Ogre Wizard on May 2, 2015.
             Slain by an orc
             ... wielding a +0 war axe
              (9 damage)
             ... on level 3 of the Dungeon.
             The game lasted 00:07:11 (2875 turns).

xeno23 the Ogre Mage (Ogre Wizard)                  Turns: 2875, Time: 00:07:11

Health: -1/46      AC:  3    Str: 13    XL:     4   Next: 71%
Magic:  7/9        EV:  9    Int: 17    God:
Gold:   73         SH:  0    Dex:  8    Spells: 4 memorised, 2 levels left

rFire  . . .     SeeInvis .     h - +2 whip (drain)
rCold  . . .     Clarity  .     a - +0 robe
rNeg   . . .     SustAb   .     (no shield)
rPois  .         Gourm    .     b - +0 hat
rElec  .         Spirit   .     (no cloak)
rCorr  .         Warding  .     (gloves unavailable)
rMut   .         Stasis   .     (boots unavailable)
MR     .....                    (no amulet)
Stlth  +.........               (no ring)
                                (no ring)

@: very slightly contaminated, drained, not resistant to hostile enchantments,
very unstealthy
A: unfitting armour, tough skin 1
a: no special abilities


You were on level 3 of the Dungeon.
You were not hungry.

You visited 1 branch of the dungeon, and saw 3 of its levels.

You collected 73 gold pieces.

Inventory:

Hand weapons
 h - a +2 whip of draining (weapon)
 n - a +1 mace of holy wrath
Missiles
 e - 31 poisoned needles
Armour
 a - a +0 robe (worn)
 b - a +0 hat (worn)
Scrolls
 g - a scroll of immolation {unknown}
 i - a scroll of identify {unknown}
 j - a scroll of enchant weapon {unknown}
 l - a scroll of teleportation {unknown}
 m - a scroll of blinking {unknown}
 r - a scroll of fog {unknown}
Potions
 k - 3 potions of flight {unknown}
 o - a potion of curing {unknown}
 p - a potion of haste {unknown}
Books
 c - a book of Minor Magic

   Spells                             Type                      Level
   a - Magic Dart                     Conjuration                  1
   b - Blink                          Translocation                2
   c - Call Imp                       Summoning                    2
   d - Repel Missiles                 Charms/Air                   2
   e - Slow                           Hexes                        2
   f - Conjure Flame                  Conjuration/Fire             3
   g - Mephitic Cloud                 Conjuration/Poison/Air       3
Comestibles
 d - 2 bread rations
 f - a meat ration
 q - 3 chunks of flesh


   Skills:
 + Level 3.6(3.1) Fighting
 * Level 3.1(2.7) Maces & Flails
 - Level 1.7(1.3) Dodging
 - Level 1.5(1.1) Stealth
 - Level 3.6(3.1) Spellcasting
 * Level 0.7(0.2) Conjurations
 - Level 0.6(0.1) Summonings
 - Level 0.6(0.1) Translocations
 * Level 0.9(0.5) Air Magic


You had 2 spell levels left.
You knew the following spells:

 Your Spells              Type           Power        Failure   Level  Hunger
a - Magic Dart            Conj           #...         17%         1    None
b - Blink                 Tloc           N/A          30%         2    ##.....
c - Call Imp              Summ           #.......     30%         2    ##.....
e - Mephitic Cloud        Conj/Pois/Air  #.......     47%         3    ###....


Dungeon Overview and Level Annotations

Branches:
Dungeon (3/15)

Altars:
Sif Muna


Innate Abilities, Weirdness & Mutations

You are too large for most types of armour.
You have tough skin (AC +1).


Message History

You kill the orc!
The bat misses you. The orc hits you with a war axe. The orc hits you.
You take 6 damage.
You closely miss the orc. The orc hits you but does no damage.
You are electrocuted!
The bat hits you but does no damage. The orc hits you.
The orc hits you with a war axe!
* * * LOW HITPOINT WARNING * * *
You take 26 damage.
Press: ? - help, v - describe, . - travel
Here: an orc, wearing a leather armour The floor.
Casting: Call Imp
Confirm with . or Enter, or press ? or * to list all spells.
You miscast Blink.
You are very lightly contaminated with residual magic.
Strange energies run through your body. The bat hits you.
* * * LOW HITPOINT WARNING * * *
The orc completely misses you. The orc closely misses you.
The orc hits you with a war axe!
You die...

...
#.......
#........
#.........
#$(..?....#
#...?......
#.........#
#[boo.....#
#..@oo....#
###########


You could see 4 orcs and a bat.

Vanquished Creatures
  A gnoll (D:1)
  An ooze (D:1)
  A worm (D:2)
  An orc (D:3)
  4 goblins
  7 hobgoblins
  2 jackals (D:1)
  A ball python (D:2)
  8 bats
  8 giant cockroaches
  2 giant newts (D:2)
  10 kobolds
  10 rats
56 creatures vanquished.

Vanquished Creatures (collateral kills)
  Jessica (D:2)
  A kobold (D:1)
  A bat (D:1)
  A giant newt (D:1)
4 creatures vanquished.

Grand Total: 60 creatures vanquished

Notes
Turn   | Place    | Note
--------------------------------------------------------------
     0 | D:1      | xeno23, the Ogre Wizard, began the quest for the Orb.
     0 | D:1      | Reached XP level 1. HP: 16/16 MP: 5/5
    60 | D:1      | Reached skill level 1 in Fighting
   344 | D:1      | Reached XP level 2. HP: 3/29 MP: 0/6
   348 | D:1      | Learned a level 2 spell: Blink
   351 | D:1      | Learned a level 2 spell: Call Imp
   681 | D:1      | Reached skill level 1 in Maces & Flails
  1466 | D:1      | Reached XP level 3. HP: 22/36 MP: 8/8
  1934 | D:2      | Learned a level 3 spell: Mephitic Cloud
  2324 | D:2      | Found a deep blue altar of Sif Muna.
  2380 | D:2      | Reached XP level 4. HP: 35/45 MP: 9/9
  2416 | D:2      | Noticed Jessica
  2426 | D:2      | Killed Jessica
  2875 | D:3      | Slain by an orc

Action                   |  1- 3 |  4- 6 || total
-------------------------+-------+-------++-------
Melee: Unarmed           |    14 |       ||    14
       Club              |    68 |       ||    68
       Whip              |    81 |    55 ||   136
 Cast: Magic Dart        |     9 |       ||     9
       Call Imp          |     2 |     1 ||     3
 Stab: Distracted        |     1 |       ||     1
       Sleeping          |       |     1 ||     1
  Eat: Chunk             |     5 |     2 ||     7
